[Event "ICC tourney 2783 (30 10)"]
[Site "Internet Chess Club"]
[Date "2022.01.02"]
[Round "1"]
[White "Mehta, Dhairya  M:Chesschamp27"]
[Black "BAI, JEFFREY:Jeffchess"]
[Result "1-0"]
[ICCResult "Black checkmated"]
[WhiteElo "1529"]
[BlackElo "1174"]
[Opening "French: Marshall variation"]
[ECO "C10"]
[NIC "FR.04"]
[Time "12:00:26"]
[PlyCount "73"]
[TimeControl "1800+10"]

1. e4 e6 2. d4 d5 3. Nc3 c5 4. exd5 exd5 5. dxc5 d4 6. Bb5+ Nc6 7. Nce2 Bxc5
8. Nf3 Qa5+ 9. b4 Bxb4+ 10. c3 dxc3 11. Bxc6+ bxc6 12. O-O Bf5 13. Ned4
O-O-O 14. Qb3 Be4 15. Qxf7 Bd5 16. Qf5+ Kc7 17. Bf4+ Bd6 18. Bxd6+ Rxd6 19.
Nb3 Qb5 20. Nfd4 Qc4 21. Qg4 Kb6 22. Rab1 Ka6 23. Qc8+ Kb6 24. Nd2+ Kc5 25.
Nxc4 Bxc4 26. Nb3+ Bxb3 27. Rxb3 Kc4 28. Qa6+ Kd4 29. Rd1+ Ke5 30. Qe2+ Kf5
31. Rxd6 Nf6 32. Rxf6+ gxf6 33. Rxc3 Kg6 34. Rxc6 Kf7 35. Qe6+ Kg7 36. Qxf6+
Kg8 37. Rc8# {Black checkmated} 1-0

[Event "ICC tourney 2783 (30 10)"]
[Site "Internet Chess Club"]
[Date "2022.01.02"]
[Round "1"]
[White "Doan Giang, Nguyen Doan:Doctorstrange04"]
[Black "AYYAPPAN, ANUSHKA:Anushkaa"]
[Result "1-0"]
[ICCResult "Black resigns"]
[WhiteElo "1575"]
[BlackElo "1303"]
[Opening "Queen's pawn: London system"]
[ECO "A45"]
[NIC "QP.07"]
[Time "12:01:10"]
[PlyCount "93"]
[TimeControl "1800+10"]

1. d4 Nf6 2. Bf4 g6 3. e3 Bg7 4. Nf3 d6 5. h3 O-O 6. Be2 c5 7. c3 cxd4 8.
cxd4 Nbd7 9. O-O Nb6 10. Nc3 Nbd5 11. Bh2 Nxc3 12. bxc3 Ne4 13. Qc2 d5 14.
c4 Be6 15. cxd5 Bxd5 16. Rfc1 Rc8 17. Qb2 Qa5 18. Ne5 f6 19. Nd7 Rfd8 20.
Rxc8 Rxc8 21. Bf3 Bc6 22. Bxe4 Bxe4 23. Nc5 Bc6 24. Qb3+ Kh8 25. Nxb7 Bxb7
26. Qxb7 Qc3 27. Rf1 e5 28. dxe5 fxe5 29. Qxa7 Qd2 30. a4 h6 31. Qa6 Rc1 32.
Bg3 Rc5 33. Qxg6 Ra5 34. Rb1 Qd8 35. Bh4 Qf8 36. Rd1 Ra8 37. a5 Qa3 38. Bf6
Qf8 39. Qxh6+ Kg8 40. Bxg7 Qxg7 41. Qe6+ Kh8 42. Rd7 Qg5 43. h4 Qg7 44. Rxg7
Kxg7 45. Qxe5+ Kg8 46. Qd5+ Kh7 47. Qxa8 {Black resigns} 1-0

[Event "ICC tourney 2783 (30 10)"]
[Site "Internet Chess Club"]
[Date "2022.01.02"]
[Round "1"]
[White "PULIJALA, AKSHAJ:akshajp"]
[Black "Luo, Leon:leonluo"]
[Result "1-0"]
[ICCResult "Black resigns"]
[WhiteElo "1558"]
[BlackElo "1259"]
[Opening "Queen's pawn: Chigorin variation"]
[ECO "D00"]
[NIC "QP.08"]
[Time "12:00:26"]
[PlyCount "81"]
[TimeControl "1800+10"]

1. d4 d5 2. Nc3 Nf6 3. Bf4 e6 4. Nb5 Bd6 5. Nxd6+ cxd6 6. Nf3 Qb6 7. Rb1
Nbd7 8. c3 Qc7 9. e3 b6 10. Be2 Bb7 11. O-O O-O 12. Nd2 Qc6 13. Bg3 a5 14.
a4 Ba6 15. Bxa6 Rxa6 16. Qe2 Raa8 17. Ra1 Rfe8 18. Rfc1 Qb7 19. Bxd6 e5 20.
dxe5 Nxe5 21. Bxe5 Rxe5 22. Nf3 Re7 23. Rd1 Rae8 24. Rd4 Ne4 25. Rad1 Rd8
26. Nd2 Nf6 27. Nf3 Qc6 28. Qb5 Qe6 29. b4 Ne4 30. Rxd5 Rxd5 31. Rxd5 h6 32.
Rd8+ Kh7 33. Qd3 Qg6 34. Rd4 Rc7 35. Qxe4 Qxe4 36. Rxe4 Rxc3 37. g3 f5 38.
Rd4 Rb3 39. bxa5 bxa5 40. Rd5 Kg6 41. Rxa5 {Black resigns} 1-0

[Event "ICC tourney 2783 (30 10)"]
[Site "Internet Chess Club"]
[Date "2022.01.02"]
[Round "1"]
[White "HE, EDEN:edenhe"]
[Black "PRABHU, TANYA GURPUR MADKE:BeBunnie9"]
[Result "1-0"]
[ICCResult "Black checkmated"]
[WhiteElo "1484"]
[BlackElo "1159"]
[Opening "Giuoco Piano"]
[ECO "C54"]
[NIC "IG.02"]
[Time "12:01:11"]
[PlyCount "165"]
[TimeControl "1800+10"]

1. e4 e5 2. Nf3 Nc6 3. Bc4 Bc5 4. c3 Nf6 5. d4 exd4 6. cxd4 Bb4+ 7. Bd2
Bxd2+ 8. Nbxd2 h6 9. O-O O-O 10. e5 Nh7 11. Qc2 Ng5 12. Rfe1 d5 13. exd6
Nxf3+ 14. Nxf3 Qxd6 15. d5 Ne7 16. Qe4 Ng6 17. Nh4 f5 18. Qd4 Kh8 19. Nxg6+
Qxg6 20. Re7 f4 21. f3 Bh3 22. Bf1 Rac8 23. Kh1 Bf5 24. Rae1 Rfe8 25. Bb5
Rxe7 26. Rxe7 c6 27. dxc6 bxc6 28. Bc4 c5 29. Qxf4 Be6 30. h3 Bxc4 31. Qxc4
Qb1+ 32. Kh2 Qd1 33. Qf7 Qd6+ 34. f4 Rg8 35. b3 a5 36. a4 Qd4 37. Rd7 Qc3
38. Ra7 Rb8 39. Rb7 Rc8 40. Qd7 Rf8 41. Qd6 Re8 42. Qg6 Rf8 43. h4 Qd2 44.
Qe4 Qxf4+ 45. Qxf4 Rxf4 46. Kg3 Rb4 47. Rxb4 cxb4 48. Kf4 Kg8 49. Ke5 Kf7
50. Kf5 g6+ 51. Ke5 Ke7 52. g4 Kd7 53. Kd5 Ke7 54. Kc5 Kf6 55. Kb5 Ke5 56.
Kxa5 Kf4 57. Kxb4 Kxg4 58. a5 Kxh4 59. a6 g5 60. a7 g4 61. a8=Q h5 62. Qh1+
Kg3 63. Kc4 h4 64. Kd4 h3 65. Ke3 Kh4 66. Kf4 g3 67. Qa8 Kh5 68. Qh8+ Kg6
69. Kxg3 Kf5 70. Qxh3+ Ke4 71. b4 Kd4 72. b5 Kc5 73. Qf5+ Kb6 74. Kf4 Ka5
75. Ke4 Kb6 76. Kd4 Ka5 77. Kc4 Kb6 78. Qc5+ Kb7 79. Qc6+ Kb8 80. Qd7 Ka8
81. b6 Kb8 82. Qc7+ Ka8 83. Qa7# {Black checkmated} 1-0

[Event "ICC tourney 2783 (30 10)"]
[Site "Internet Chess Club"]
[Date "2022.01.02"]
[Round "1"]
[White "KRISHNAN, SHREYANK:K05-16258876"]
[Black "MILLER, COLLIN ALEXANDER:Camrynz1"]
[Result "0-1"]
[ICCResult "White checkmated"]
[WhiteElo "1054"]
[BlackElo "1458"]
[Opening "King's Indian defense, 3.Nc3"]
[ECO "E61"]
[NIC "KI.80"]
[Time "12:00:28"]
[PlyCount "116"]
[TimeControl "1800+10"]

1. d4 Nf6 2. c4 g6 3. Nc3 Bg7 4. Bf4 O-O 5. Nf3 d6 6. e3 Nbd7 7. Be2 b6 8.
O-O Bb7 9. Qc2 h6 10. h3 Kh7 11. Bd3 Re8 12. d5 Nc5 13. Bxg6+ fxg6 14. Nh4
e5 15. Qxg6+ Kh8 16. Bxh6 Bxh6 17. Qxh6+ Nh7 18. Nf3 Qf6 19. Qxf6+ Nxf6 20.
Nb5 Re7 21. Rfd1 a6 22. Nc3 a5 23. Nh4 Rg8 24. Kh2 Bc8 25. Re1 Rh7 26. Nf3
Nfe4 27. Nxe4 Nxe4 28. Re2 Rf8 29. Rf1 Bxh3 30. Ng1 Bg4+ 31. Nh3 Bxe2 32.
Re1 Bg4 33. Rf1 Bxh3 34. gxh3 Rxf2+ 35. Rxf2 Nxf2 36. Kg3 Nd3 37. b3 Kg7 38.
h4 Kf6 39. Kg4 Nc1 40. a3 Nxb3 41. Kf3 Nd2+ 42. Ke2 Nxc4 43. a4 Rxh4 44. Kd3
Nb2+ 45. Kc2 Nxa4 46. Kd3 Nc5+ 47. Kc3 Kf5 48. Kd2 Ke4 49. Ke2 Rh3 50. Kd2
Kxd5 51. Ke2 Ke4 52. Kd2 Rxe3 53. Kc2 a4 54. Kb2 Kd4 55. Ka2 Rb3 56. Ka1 Kc3
57. Ka2 Kc2 58. Ka1 Ra3# {White checkmated} 0-1

[Event "ICC tourney 2783 (30 10)"]
[Site "Internet Chess Club"]
[Date "2022.01.02"]
[Round "1"]
[White "KU, HUNTER:petitejudo"]
[Black "SPERBER, JACOB:jacobsperber"]
[Result "0-1"]
[ICCResult "White forfeits on time"]
[WhiteElo "1160"]
[BlackElo "1525"]
[Opening "Sicilian: Smith-Morra gambit"]
[ECO "B21"]
[NIC "SI.48"]
[Time "12:00:26"]
[PlyCount "60"]
[TimeControl "1800+10"]

1. e4 c5 2. d4 cxd4 3. c3 d3 4. Bxd3 Nc6 5. c4 d6 6. Nc3 e6 7. Nf3 Be7 8.
O-O Nf6 9. Bg5 O-O 10. a3 b6 11. Qc2 Bb7 12. Rfd1 h6 13. Bh4 Rc8 14. e5 Ne8
15. Bxe7 Qxe7 16. exd6 Nxd6 17. Rd2 Rfd8 18. Rad1 Na5 19. b3 Bxf3 20. gxf3
Nab7 21. Kf1 a6 22. Ne4 Nxe4 23. Bxe4 Nd6 24. Qd3 f5 25. Bxf5 exf5 26. Qxd6
Rxd6 27. Rxd6 Re8 28. Rd7 Qh4 29. Kg2 Qg5+ 30. Kf1 Qf4 {White forfeits on
time} 0-1

[Event "ICC tourney 2783 (30 10)"]
[Site "Internet Chess Club"]
[Date "2022.01.02"]
[Round "1"]
[White "KOGAN, NIKITA:K09-17190210"]
[Black "GOVINDARAJULA, PRANAY SIDDHARTH:K06-17345554"]
[Result "0-1"]
[ICCResult "White resigns"]
[WhiteElo "1182"]
[BlackElo "1543"]
[Opening "QGD Slav defense"]
[ECO "D43"]
[NIC "SL.01"]
[Time "12:00:23"]
[PlyCount "100"]
[TimeControl "1800+10"]

1. d4 d5 2. c4 c6 3. Nc3 Nf6 4. Bg5 e6 5. Nf3 h6 6. Bh4 Nbd7 7. Qc2 Bd6 8.
e4 dxe4 9. Nxe4 Be7 10. O-O-O Nxe4 11. Bxe7 Qxe7 12. Qxe4 Nf6 13. Qf4 O-O
14. g4 Nd7 15. h4 c5 16. g5 h5 17. Bd3 cxd4 18. Qxd4 g6 19. Ne5 Nxe5 20.
Qxe5 b5 21. Qxb5 Bd7 22. Qb3 Rab8 23. Qc2 Rfc8 24. Bxg6 fxg6 25. Qxg6+ Kf8
26. Qxh5 Rxc4+ 27. Kb1 Rxb2+ 28. Ka1 Qg7 29. Qh6 Rb7+ 30. Qxg7+ Kxg7 31. Rd6
Bc6 32. Rg1 Bd5 33. Ra6 Rxh4 34. Ra3 Rhb4 35. Rh3 Ra4 36. a3 Rf4 37. g6 Kf6
38. Rh7 Rxh7 39. gxh7 Rh4 40. f4 Rxh7 41. Rg5 Rh4 42. Rg8 Rxf4 43. Rf8+ Ke5
44. Rh8 Rf2 45. Rh4 Ra2+ 46. Kb1 Rxa3 47. Rh5+ Kd4 48. Rh4+ Kc5 49. Rh2 a5
50. Rc2+ Kb4 {White resigns} 0-1

[Event "ICC tourney 2783 (30 10)"]
[Site "Internet Chess Club"]
[Date "2022.01.02"]
[Round "1"]
[White "Zhang, Oscar Yihang:oscaryhz"]
[Black "DHURJATI, ANAGHA:amdink"]
[Result "1-0"]
[ICCResult "Black checkmated"]
[WhiteElo "1086"]
[BlackElo "1463"]
[Opening "Ruy Lopez: exchange variation, 5.O-O"]
[ECO "C68"]
[NIC "RL.08"]
[Time "12:00:25"]
[PlyCount "145"]
[TimeControl "1800+10"]

1. e4 e5 2. Nf3 Nc6 3. Bb5 a6 4. Bxc6 dxc6 5. O-O Bd6 6. h3 Nf6 7. d3 h6 8.
c3 O-O 9. Re1 Re8 10. Nbd2 Bc5 11. Nb3 Bb6 12. Qe2 a5 13. a4 Qd6 14. Nbd2
Nh5 15. Nc4 Qf6 16. Ncxe5 Ng3 17. Qc2 Rxe5 18. Nxe5 Qxe5 19. d4 Qh5 20. fxg3
Be6 21. Qe2 Qg6 22. Kh2 h5 23. Qf3 f5 24. e5 Bd5 25. Qf4 Re8 26. Qg5 Qf7 27.
Rf1 Be4 28. Qf4 c5 29. dxc5 Bxc5 30. Be3 Qd5 31. Bxc5 Qxc5 32. Ra3 Rxe5 33.
Rb3 Re8 34. Rb5 Qc6 35. Rf2 b6 36. Re5 Rd8 37. Qg5 Re8 38. Rxe8+ Qxe8 39.
Rd2 Qf7 40. Qd8+ Qf8 41. Qxf8+ Kxf8 42. Rd7 c6 43. Rb7 Bc2 44. Rxb6 Bxa4 45.
Ra6 Bb5 46. Rxa5 g6 47. Ra8+ Kf7 48. b3 Bd3 49. Rc8 Be4 50. c4 g5 51. b4 g4
52. b5 cxb5 53. cxb5 Ke7 54. Rh8 Bd3 55. b6 Be4 56. Rh7+ Kd8 57. b7 Bxb7 58.
Rxb7 Ke8 59. Rh7 Kf8 60. Rxh5 Kf7 61. Rxf5+ Kg6 62. Rf4 Kh7 63. Rxg4 Kh8 64.
Ra4 Kh7 65. g4 Kg6 66. h4 Kg7 67. Ra6 Kh7 68. g5 Kg7 69. h5 Kh7 70. Ra7+ Kh8
71. g6 Kg8 72. h6 Kh8 73. Ra8# {Black checkmated} 1-0

[Event "ICC tourney 2783 (30 10)"]
[Site "Internet Chess Club"]
[Date "2022.01.02"]
[Round "1"]
[White "LEBLOND, DIEGO V:sultandiego"]
[Black "LAIDO, MATTHEW:Dabao"]
[Result "1/2-1/2"]
[ICCResult "Game drawn by mutual agreement"]
[WhiteElo "1463"]
[BlackElo "1062"]
[Opening "English: Sicilian reversed"]
[ECO "A25"]
[NIC "EO.20"]
[Time "12:00:28"]
[PlyCount "109"]
[TimeControl "1800+10"]

1. c4 e5 2. Nc3 Nc6 3. g3 b6 4. Bg2 Bb7 5. e3 d6 6. Nge2 g6 7. d4 Bg7 8. b4
Nge7 9. b5 Na5 10. Bxb7 Nxb7 11. O-O f5 12. f4 e4 13. g4 Qd7 14. g5 h6 15.
h4 hxg5 16. hxg5 O-O-O 17. Bd2 Rh4 18. Be1 Rg4+ 19. Ng3 Qe8 20. Nxe4 Qd7 21.
Nf6 Bxf6 22. gxf6 Ng8 23. Kf2 Nxf6 24. Rh1 Re8 25. a4 Qe6 26. Qd3 d5 27.
cxd5 Nxd5 28. Bd2 Nd6 29. a5 Kb8 30. axb6 cxb6 31. Rh7 Re7 32. Rh8+ Re8 33.
Rah1 Nf6 34. Bb4 Nde4+ 35. Nxe4 Nxe4+ 36. Ke1 Qc8 37. Rxe8 Qxe8 38. Qa3 Qxb5
39. Bd6+ Nxd6 40. Qxd6+ Kb7 41. Rh7+ Ka6 42. Qa3+ Qa5+ 43. Qxa5+ bxa5 44.
Kf2 a4 45. d5 a3 46. d6 a2 47. Rh1 Kb6 48. Ra1 Rh4 49. Kg3 Rh7 50. Rxa2 Rd7
51. Rd2 Kc6 52. Kh4 Rxd6 53. Ra2 Kb7 54. Kg5 a6 55. Rh2
{Game drawn by mutual agreement}
1/2-1/2

[Event "ICC tourney 2783 (30 10)"]
[Site "Internet Chess Club"]
[Date "2022.01.02"]
[Round "1"]
[White "Mason, Mike W:MikeWMason"]
[Black "BHAGWAGAR, SARVIN:TheSuperKnight"]
[Result "0-1"]
[ICCResult "White resigns"]
[WhiteElo "1550"]
[BlackElo "1193"]
[Opening "Caro-Kann: classical, 6.h4"]
[ECO "B19"]
[NIC "CK.11"]
[Time "12:01:11"]
[PlyCount "66"]
[TimeControl "1800+10"]

1. e4 c6 2. d4 d5 3. Nd2 dxe4 4. Nxe4 Bf5 5. Ng3 Bg6 6. h4 h6 7. Nf3 Nf6 8.
Bd3 Bxd3 9. Qxd3 e6 10. Bd2 Bd6 11. Ne4 Be7 12. O-O-O Nbd7 13. g4 Nxg4 14.
Rdg1 f5 15. Rxg4 fxg4 16. Nh2 Nf6 17. Nxf6+ Bxf6 18. Qg6+ Ke7 19. Nxg4 Qxd4
20. Bc3 Qf4+ 21. Bd2 Qf5 22. Bb4+ Kd8 23. Rd1+ Kc7 24. Qf7+ Kb6 25. Nxf6
Qxf6 26. Qh5 Qf5 27. Qe2 Rad8 28. Qe3+ Kc7 29. Rg1 Kb8 30. Rxg7 Qb5 31. Qg3+
e5 32. Be1 Qd5 33. Rxb7+ Kxb7 {White resigns} 0-1

[Event "ICC tourney 2783 (30 10)"]
[Site "Internet Chess Club"]
[Date "2022.01.02"]
[Round "1"]
[White "MOHAN, SHANKARA:BellaVista"]
[Black "BELEW, FINN:WaSabi5829"]
[Result "0-1"]
[ICCResult "White resigns"]
[WhiteElo "1203"]
[BlackElo "1554"]
[Opening "Pirc: classical (two knights) system"]
[ECO "B06"]
[NIC "PU.10"]
[Time "12:00:38"]
[PlyCount "116"]
[TimeControl "1800+10"]

1. e4 g6 2. d4 Bg7 3. Nf3 d6 4. Nc3 Nf6 5. Bd3 Nbd7 6. Be3 a6 7. a4 Ng4 8.
h3 Nxe3 9. fxe3 e5 10. d5 Nc5 11. O-O Nxd3 12. Qxd3 O-O 13. Ne2 Qe7 14. Ng3
Bd7 15. Rf2 Rae8 16. Nd2 Qg5 17. Kh2 f5 18. exf5 gxf5 19. Raf1 e4 20. Qb3
Be5 21. Rf4 Bxf4 22. exf4 Qe7 23. Nc4 b6 24. Ne3 Rf6 25. Qc4 Bc8 26. b4 Qd7
27. c3 Rf7 28. a5 b5 29. Qb3 c6 30. dxc6 Qxc6 31. Nexf5 Be6 32. Nd4 Bxb3 33.
Nxc6 Rc7 34. Nd4 Rxc3 35. Ngf5 d5 36. Nd6 Rd8 37. Nb7 Ra8 38. Nc5 Bc4 39.
Re1 Ra3 40. f5 Ra2 41. Re3 Rf2 42. Rg3+ Kf7 43. Nde6 Kf6 44. Nc7 Rd8 45.
N5e6 Rd7 46. Nxa6 Kxf5 47. Nac5 Rd6 48. Ra3 Rxe6 49. Nxe6 Kxe6 50. a6 d4 51.
a7 Bd5 52. a8=Q Bxa8 53. Rxa8 e3 54. Kg1 Rf5 55. Re8+ Kd5 56. Rc8 Ke4 57.
Rc1 d3 58. Ra1 d2 {White resigns} 0-1

[Event "ICC tourney 2783 (30 10)"]
[Site "Internet Chess Club"]
[Date "2022.01.02"]
[Round "1"]
[White "Krishnan, Ashvath:ashvathk5"]
[Black "GEVORGYAN, DAVIT:Davo29"]
[Result "0-1"]
[ICCResult "White checkmated"]
[WhiteElo "1282"]
[BlackElo "1573"]
[Opening "Caro-Kann: exchange variation"]
[ECO "B13"]
[NIC "CK.02"]
[Time "12:00:24"]
[PlyCount "126"]
[TimeControl "1800+10"]

1. e4 c6 2. d4 d5 3. exd5 cxd5 4. Nf3 Nc6 5. Nc3 Bg4 6. Be2 Nf6 7. O-O e6 8.
Bf4 Bd6 9. Bg5 O-O 10. h3 Bh5 11. Nb5 Be7 12. c3 a6 13. Na3 Bxa3 14. bxa3
Rc8 15. Rb1 Na5 16. Qa4 Rxc3 17. Bd2 Ne4 18. Qb4 Nxd2 19. Qxc3 Nxb1 20. Rxb1
Re8 21. g4 Bg6 22. Rb2 Re7 23. Ne5 Rc7 24. Qb4 Rc1+ 25. Kh2 Qc7 26. Kg2 b5
27. Nd7 Qxd7 28. Qxa5 Qc8 29. a4 h6 30. axb5 axb5 31. Qxb5 Qc3 32. Qb3 Qxd4
33. Bf3 Be4 34. Qb8+ Kh7 35. Rb3 Bxf3+ 36. Rxf3 Qd1 37. Qh2 Qf1+ 38. Kg3
Qg1+ 39. Qxg1 Rxg1+ 40. Kh2 Ra1 41. a3 Ra2 42. Kg2 Kg6 43. h4 f6 44. Kg3 e5
45. h5+ Kf7 46. Rd3 Ke6 47. f4 e4 48. Rb3 d4 49. f5+ Kd5 50. Kf4 d3 51. Rb5+
Kc4 52. Rb4+ Kc3 53. Kxe4 d2 54. Rd4 Ra1 55. Rd3+ Kc2 56. Ke3 d1=Q 57. Rxd1
Kxd1 58. a4 Rxa4 59. Kf3 Kd2 60. Kg3 Ke3 61. Kh4 Kf3 62. Kh3 Ra2 63. Kh4
Rh2# {White checkmated} 0-1

[Event "ICC tourney 2783 (30 10)"]
[Site "Internet Chess Club"]
[Date "2022.01.02"]
[Round "2"]
[White "BHAGWAGAR, SARVIN:TheSuperKnight"]
[Black "Doan Giang, Nguyen Doan:Doctorstrange04"]
[Result "0-1"]
[ICCResult "White checkmated"]
[WhiteElo "1193"]
[BlackElo "1575"]
[Opening "Sicilian: closed, 2...Nc6"]
[ECO "B23"]
[NIC "SI.44"]
[Time "14:00:25"]
[PlyCount "110"]
[TimeControl "1800+10"]

1. e4 c5 2. Nc3 Nc6 3. Nf3 g6 4. Bc4 Bg7 5. d3 e6 6. O-O Nge7 7. Re1 O-O 8.
Bf4 d5 9. exd5 Nxd5 10. Bd2 b6 11. Qc1 Bb7 12. Bh6 Nxc3 13. Bxg7 Kxg7 14.
bxc3 Qf6 15. Qd2 Rad8 16. Re3 Na5 17. Bb3 c4 18. Ba4 cxd3 19. cxd3 Nc4 20.
Qe2 Nxe3 21. Qxe3 Bxf3 22. Qxf3 Qxf3 23. gxf3 Rxd3 24. Kg2 Rxc3 25. Bb3 Rd8
26. Re1 Rdd3 27. f4 Kf6 28. Re4 h5 29. Rc4 Rxc4 30. Bxc4 Rd4 31. Bb3 Rxf4
32. Kg3 Rb4 33. Kf3 Rxb3+ 34. axb3 Ke5 35. Ke3 g5 36. h3 f5 37. f3 f4+ 38.
Kd3 Kd5 39. b4 a5 40. bxa5 bxa5 41. Kc3 e5 42. Kb3 e4 43. fxe4+ Kxe4 44. Ka4
f3 45. Kxa5 f2 46. h4 gxh4 47. Kb6 f1=Q 48. Kc5 Qd1 49. Kc4 h3 50. Kb4 h2
51. Kb5 h1=Q 52. Kb4 Qh2 53. Kc5 Qhc2+ 54. Kb4 Qdb1+ 55. Ka3 Qca2#
{White checkmated}
0-1

[Event "ICC tourney 2783 (30 10)"]
[Site "Internet Chess Club"]
[Date "2022.01.02"]
[Round "2"]
[White "Bharathy Mohan, Aarav Sai:aaravbm"]
[Black "LEBLOND, DIEGO V:sultandiego"]
[Result "0-1"]
[ICCResult "White resigns"]
[WhiteElo "709"]
[BlackElo "1463"]
[Opening "Sicilian: closed, 2...Nc6"]
[ECO "B23"]
[NIC "SI.44"]
[Time "14:00:46"]
[PlyCount "122"]
[TimeControl "1800+10"]

1. e4 c5 2. Nc3 Nc6 3. Nf3 d6 4. Bb5 e6 5. d3 Be7 6. Bf4 e5 7. Be3 Nf6 8.
O-O O-O 9. h3 Nd4 10. Bc4 a6 11. Nd5 Nxd5 12. Bxd5 Rb8 13. Nxd4 cxd4 14. Bd2
b5 15. a3 Kh8 16. Qe1 f5 17. Ba5 Qe8 18. Bc7 Rb7 19. Bxb7 Bxb7 20. Ba5 Qg6
21. f3 Bg5 22. Bd2 f4 23. Qe2 Bc8 24. Rfd1 Rf6 25. Kf1 Qh5 26. Qf2 Bh4 27.
Qg1 Rg6 28. Ke2 Bxh3 29. gxh3 Rxg1 30. Rxg1 Bg3 31. Rh1 Kg8 32. Raf1 Kf7 33.
Bb4 Ke6 34. Be1 Bxe1 35. Rxe1 h6 36. Reg1 g5 37. Rg4 a5 38. h4 Qg6 39. hxg5
hxg5 40. Rhg1 Kf6 41. R4g2 Qg8 42. Rh1 Qg7 43. Rgh2 Kg6 44. Rg2 Qc7 45. Kd1
b4 46. axb4 axb4 47. Rhg1 Qd8 48. Rxg5+ Qxg5 49. Rxg5+ Kxg5 50. Ke2 Kh4 51.
Kf2 Kh3 52. b3 Kh2 53. Kf1 Kg3 54. Ke2 Kg2 55. c3 dxc3 56. d4 exd4 57. e5
dxe5 58. Kd3 Kxf3 59. Kc4 c2 60. Kxb4 c1=Q 61. Ka4 d3 {White resigns} 0-1

[Event "ICC tourney 2783 (30 10)"]
[Site "Internet Chess Club"]
[Date "2022.01.02"]
[Round "2"]
[White "BELEW, FINN:WaSabi5829"]
[Black "Zhang, Oscar Yihang:oscaryhz"]
[Result "1-0"]
[ICCResult "Black resigns"]
[WhiteElo "1554"]
[BlackElo "1086"]
[Opening "Queen's pawn: London system"]
[ECO "A45"]
[NIC "QP.07"]
[Time "14:00:22"]
[PlyCount "131"]
[TimeControl "1800+10"]

1. d4 Nf6 2. Bf4 d5 3. e3 c5 4. c3 Nc6 5. Nf3 Bf5 6. Bd3 Bxd3 7. Qxd3 e6 8.
Nbd2 c4 9. Qc2 Be7 10. O-O O-O 11. e4 b5 12. e5 Nd7 13. a3 a5 14. Rfb1 b4
15. axb4 axb4 16. Rxa8 Qxa8 17. b3 bxc3 18. Qxc3 Bb4 19. Qc2 c3 20. Nf1 Qa7
21. Be3 Ra8 22. h4 Qa2 23. Ne1 Ra3 24. Ng3 Na5 25. Bc1 Qxc2 26. Nxc2 Rxb3
27. Rxb3 Nxb3 28. Nxb4 Nxc1 29. Kf1 Nb3 30. Ne2 Nb6 31. Nxc3 Nxd4 32. Nd3
Nc4 33. g3 Nf3 34. Ke2 Nfxe5 35. Nxe5 Nxe5 36. Ke3 Kf8 37. f4 Nc6 38. Nb5
Ke7 39. g4 f6 40. f5 e5 41. Nc7 d4+ 42. Ke4 Kd6 43. Ne6 g6 44. fxg6 hxg6 45.
Nf8 Ne7 46. Nh7 Ke6 47. g5 f5+ 48. Kd3 Nd5 49. Nf8+ Kf7 50. Nd7 Nf4+ 51. Kc4
Ke7 52. Nxe5 Ng2 53. Nxg6+ Kf7 54. h5 Kg7 55. Kxd4 f4 56. Ke4 Ne3 57. Nxf4
Nc4 58. Ne6+ Kh7 59. Nf4 Nd6+ 60. Ke5 Nf7+ 61. Kf6 Nxg5 62. Kxg5 Kg7 63.
Ne6+ Kh7 64. h6 Kh8 65. Kg6 Kg8 66. Ng5 {Black resigns} 1-0

[Event "ICC tourney 2783 (30 10)"]
[Site "Internet Chess Club"]
[Date "2022.01.02"]
[Round "2"]
[White "DHURJATI, ANAGHA:amdink"]
[Black "MOHAN, SHANKARA:BellaVista"]
[Result "0-1"]
[ICCResult "White checkmated"]
[WhiteElo "1463"]
[BlackElo "1203"]
[Opening "Giuoco Piano"]
[ECO "C54"]
[NIC "IG.02"]
[Time "14:00:42"]
[PlyCount "86"]
[TimeControl "1800+10"]

1. e4 e5 2. Nf3 Nc6 3. Bc4 Bc5 4. c3 Nf6 5. d4 exd4 6. e5 d5 7. exf6 dxc4 8.
fxg7 Rg8 9. cxd4 Nxd4 10. Nxd4 Qxd4 11. Qxd4 Bxd4 12. Nc3 Bxc3+ 13. bxc3
Rxg7 14. Bf4 c6 15. O-O Be6 16. Rfe1 O-O-O 17. Rad1 Bd5 18. Bg3 Kd7 19. a4
h5 20. Kf1 f6 21. h3 Kc8 22. h4 f5 23. f3 Rxg3 24. Re5 Rdg8 25. Rd2 Rf8 26.
Kf2 Rg6 27. Rde2 Kc7 28. Re7+ Kd6 29. Rxb7 a5 30. Ra7 Re6 31. Rxe6+ Kxe6 32.
Rxa5 Rb8 33. Ra7 Rb3 34. a5 Rxc3 35. a6 Ra3 36. Ra8 c3 37. a7 c2 38. Re8+
Kd7 39. a8=Q Rxa8 40. Rxa8 c1=Q 41. Kg3 f4+ 42. Kf2 Qe3+ 43. Kf1 Bc4#
{White checkmated}
0-1

[Event "ICC tourney 2783 (30 10)"]
[Site "Internet Chess Club"]
[Date "2022.01.02"]
[Round "2"]
[White "BAI, JEFFREY:Jeffchess"]
[Black "DUDIPALA, DAKSH:swathivjdp"]
[Result "0-1"]
[ICCResult "White checkmated"]
[WhiteElo "1174"]
[BlackElo "1406"]
[Opening "Sicilian: closed, 2...Nc6"]
[ECO "B23"]
[NIC "SI.44"]
[Time "14:00:39"]
[PlyCount "78"]
[TimeControl "1800+10"]

1. e4 c5 2. Nc3 Nc6 3. Bb5 g6 4. f4 Bg7 5. Nf3 d6 6. Bxc6+ bxc6 7. Ne2 Nf6
8. d3 O-O 9. O-O Qc7 10. e5 dxe5 11. Nxe5 Nd5 12. Nc4 Bg4 13. h3 Bd4+ 14.
Kh1 Bd7 15. Nxd4 cxd4 16. b3 c5 17. Qf3 Bc6 18. Qg4 Nf6 19. Qg5 Nh5 20. Ba3
Rac8 21. Rfe1 f6 22. Qh4 Nxf4 23. Rg1 g5 24. Qg3 Ne2 25. Qxc7 Rxc7 26. Rgf1
Ng3+ 27. Kg1 Nxf1 28. Rxf1 Bd5 29. Nd2 Kg7 30. Rc1 e5 31. Kf2 Re8 32. c4 Bb7
33. g4 e4 34. Re1 e3+ 35. Kg3 exd2 36. Rd1 Re2 37. h4 Rce7 38. hxg5 R7e3+
39. Kh4 Rh2# {White checkmated} 0-1

[Event "ICC tourney 2783 (30 10)"]
[Site "Internet Chess Club"]
[Date "2022.01.02"]
[Round "2"]
[White "GOVINDARAJULA, PRANAY SIDDHARTH:K06-17345554"]
[Black "HE, EDEN:edenhe"]
[Result "1/2-1/2"]
[ICCResult "Game drawn by mutual agreement"]
[WhiteElo "1543"]
[BlackElo "1484"]
[Opening "Catalan: closed, 5.Nf3"]
[ECO "E06"]
[NIC "CA.04"]
[Time "14:00:19"]
[PlyCount "102"]
[TimeControl "1800+10"]

1. d4 d5 2. c4 e6 3. g3 Nf6 4. Bg2 Be7 5. Nf3 O-O 6. O-O c5 7. e3 cxd4 8.
exd4 dxc4 9. Nbd2 Nd5 10. Nxc4 Nd7 11. b3 N7f6 12. Bb2 Bd7 13. Rc1 Bb5 14.
Re1 Rc8 15. a3 Bxc4 16. bxc4 Nb6 17. Ne5 Qc7 18. Qe2 Rfd8 19. Bh3 Bd6 20.
Nxf7 Kxf7 21. Qxe6+ Kf8 22. c5 Bxg3 23. fxg3 Nbd5 24. Rf1 Qc6 25. Qf5 Rc7
26. Qxh7 Rf7 27. Qh8+ Ng8 28. Rxf7+ Kxf7 29. Rf1+ Ndf6 30. Qh5+ Kf8 31. Bg2
Qb5 32. Bc3 Qxf1+ 33. Bxf1 Nxh5 34. Bg2 Ngf6 35. Bxb7 Nd5 36. Ba5 Rd7 37.
Bc6 Nhf6 38. Bxd7 Nxd7 39. Kf2 Kf7 40. Kf3 Ke6 41. Ke4 N7f6+ 42. Kd3 Kd7 43.
Kc4 Kc6 44. Bb4 Ng4 45. h3 Nge3+ 46. Kd3 Nf1 47. g4 Nfe3 48. g5 Ng2 49. Ke4
Ngf4 50. h4 g6 51. Bd2 Nh5 {Game drawn by mutual agreement} 1/2-1/2

[Event "ICC tourney 2783 (30 10)"]
[Site "Internet Chess Club"]
[Date "2022.01.02"]
[Round "2"]
[White "Luo, Leon:leonluo"]
[Black "BLIZNIUK, STANISLAW:Sbliz20"]
[Result "0-1"]
[ICCResult "White resigns"]
[WhiteElo "1259"]
[BlackElo "1443"]
[Opening "Caro-Kann defense"]
[ECO "B15"]
[NIC "CK.05"]
[Time "14:00:21"]
[PlyCount "94"]
[TimeControl "1800+10"]

1. e4 c6 2. d4 d5 3. Nc3 dxe4 4. Nxe4 Nf6 5. Ng3 h5 6. Bc4 h4 7. N3e2 Nbd7
8. Nf3 Nb6 9. Bb3 a5 10. a3 a4 11. Ba2 Bf5 12. Be3 e6 13. Bg5 Be7 14. Bxh4
c5 15. c3 O-O 16. Ng3 Bg4 17. h3 Bxf3 18. Qxf3 cxd4 19. Rd1 Qc7 20. Rxd4
Qe5+ 21. Ne2 Rad8 22. O-O Rxd4 23. Nxd4 Bc5 24. Qxb7 Bxd4 25. cxd4 Qxd4 26.
Bxf6 gxf6 27. b4 Rc8 28. Bb1 Rc3 29. Qb8+ Kg7 30. Qe8 Rxa3 31. Qb5 Nd5 32.
Bc2 Qxb4 33. Qe2 Ra2 34. Qd3 Qa3 35. Qh7+ Kf8 36. Be4 Ra1 37. Bxd5 Rxf1+ 38.
Kxf1 Qc1+ 39. Ke2 exd5 40. Qd3 a3 41. Qxd5 Qc2+ 42. Kf3 a2 43. Qd6+ Kg7 44.
Qg3+ Qg6 45. Qb8 Qf5+ 46. Ke2 Qe5+ 47. Qxe5 fxe5 {White resigns} 0-1